 Dungeon Crawl Stone Soup version 0.32-a0-893-gf85d74f360 (webtiles) character file.

Game seed: 2865936752898273861

142 pokedragonboy the Grasshopper (level 5, -6/42 HPs)
             Began as an Armataur Warper on Apr 3, 2024.
             Mangled by an orc
             ... wielding a +2 war axe of venom
              (8 damage)
             ... on level 3 of the Dungeon.
             The game lasted 00:08:26 (2682 turns).

pokedragonboy the Grasshopper (Armataur Warper)     Turns: 2682, Time: 00:08:27

Health: -6/42      AC:  6    Str: 17    XL:     5   Next: 3%
Magic:  7/7        EV:  8    Int: 15    God:
Gold:   73         SH:  0    Dex:  9    Spells: 2/7 levels left

rFire   . . .        a - +0 war axe
rCold   . . .        (no shield)
rNeg    . . .        b - +0 leather armour
rPois   .            (no helmet)
rElec   .            e - +0 cloak
rCorr   .            (no gloves)
SInv    .            (no barding)
Will    .....        (no amulet)
Stlth   +            (no ring)
HPRegen 0.27/turn    (no ring)
MPRegen 0.10/turn

%: roll
@: lethally poisoned (-6 -> -31)
A: large, deformed body, tough skin 3, armoured tail, rollpage 1
a: no special abilities


You were on level 3 of the Dungeon.
You visited 1 branch of the dungeon, and saw 3 of its levels.

You collected 181 gold pieces.
You spent 108 gold pieces at shops.

Inventory:

Hand Weapons
 a - a +0 war axe (weapon)
Missiles
 d - 7 darts of dispersal (quivered)
Armour
 b - a +0 leather armour (worn)
 e - a +0 cloak (worn)
 f - a +0 chain mail
 k - a +0 tower shield
Wands
 c - a wand of paralysis (4)
Scrolls
 g - 3 scrolls of revelation
 i - a scroll of vulnerability
 j - 2 scrolls of poison
 m - a scroll of enchant armour
Potions
 h - a potion of enlightenment


   Skills:
 + Level 2.6 Fighting
 + Level 2.3 Axes
 - Level 0.8 Throwing
 + Level 2.8 Armour
 - Level 1.3 Dodging
 - Level 1.7 Spellcasting
 * Level 4.2 Translocations


You had 2 spell levels left.
You knew the following spells:

 Your Spells              Type           Power      Damage    Failure   Level
j - Teleport Other        Tloc           14%        N/A       14%         3
n - Blink                 Tloc           28%        N/A       7%          2

Your spell library contained the following spells:

 Spells                   Type           Power      Damage    Failure   Level
 Lesser Beckoning         Tloc           28%        N/A       7%          2
 Maxwell's Portable Pile  Tloc           14%        2d(6-17)  14%         3
 Dazzling Flash           Conj/Hex       2%         N/A       63%         3
 Mephitic Cloud           Conj/Alch/Air  1%         N/A       63%         3
 Vhi's Electric Charge    Tloc/Air       14%        N/A       75%         4
 Curse of Agony           Necr           1%         N/A       100%        5
 Silence                  Hex/Air        0%         N/A       100%        5


Dungeon Overview and Level Annotations

Branches:
Dungeon (3/15)

Altars:
Okawaru
The Shining One

Shops:
D:2 =?*=(


Innate Abilities, Weirdness & Mutations

Armour fits poorly on your strangely shaped body.
You have extremely tough skin. (AC +3)
You have a long armoured tail.
You regenerate magic when rolling toward enemies. (Rampage MPRegen)


Message History

You hit the orc priest but do no damage.
You tail-slap the orc priest.
You kill the orc priest!
You have reached level 5!
You start resting.
HP restored.
You climb downwards.
An orc comes into view. It is wielding a +2 war axe of venom.
There is a stone staircase leading up, spattered with blood here.
The orc shouts!
You roll towards the orc!
You closely miss the orc.
You tail-slap the orc, but do no damage.
The orc hits you with a +2 war axe of venom.
You are poisoned.
You barely miss the orc.
You feel very sick. The orc closely misses you.
The orc hits you but does no damage.
You are more poisoned.
You barely miss the orc.
You feel very sick. The orc hits you but does no damage.
You are more poisoned.
You hit the orc.
The orc is heavily wounded.
You feel extremely sick.
The orc hits you with a +2 war axe of venom!
You are lethally poisoned!
You are too injured to fight recklessly!
You are too injured to fight recklessly!
You are too injured to fight recklessly!
Unknown command.
Okay, then.
As you read the scroll of torment, it crumbles to dust.
Your body is wracked with pain!
* * * LOW HITPOINT WARNING * * *
The orc convulses!
* * * LOW HITPOINT WARNING * * *
You feel extremely sick.
The orc hits you with a +2 war axe of venom!
You die...

#......###..######.......#.##
#............................
#......###...............#.##
#......# #.#.##.###.....##.#
#......# #.#.##.###.....##.#
#.##.### #.......#.....#.#.#
#. #.#####.....#......###..#
#. #.........o...####.. ###
#.#####.#@##.## #.
.......<..##.# #.#####.####o#
#.# #o# ... .o. #### ###


You could see an orc.

Vanquished Creatures
  An orc priest (D:2)
  An orc wizard (D:2)
  3 adders (D:2)
  2 dart slugs (D:1)
  A ribbon worm (D:2)
  An orc (D:2)
  A bat (D:2)
  6 endoplasms
  4 giant cockroaches
  7 goblins
  7 hobgoblins
  5 kobolds
  2 quokkas
  3 ball pythons
  A frilled lizard (D:1)
  4 rats
49 creatures vanquished.

Notes
Turn   | Place    | Note
-------+----------+-------------------------------------------
     0 | D:1      | pokedragonboy the Armataur Warper began the quest for the
                  | Orb.
     0 | D:1      | Reached XP level 1. HP: 17/17 MP: 3/3
   177 | D:1      | Reached XP level 2. HP: 24/24 MP: 4/4
   972 | D:2      | Reached XP level 3. HP: 19/29 MP: 5/5
   975 | D:2      | Learned a level 2 spell: Blink
   979 | D:2      | Learned a level 3 spell: Teleport Other
  1116 | D:2      | Found Eqool's Magic Scroll Shoppe.
  1129 | D:2      | Bought a scroll of identify for 24 gold pieces
  1138 | D:2      | Found Rashiuko's General Store.
  1229 | D:2      | Found Vack's Jewellery Boutique.
  1435 | D:2      | Found Ofurio's Antique Weapon Shoppe.
  1441 | D:2      | Bought a war axe for 84 gold pieces
  1444 | D:2      | Found Raof Ula's Jewellery Shoppe.
  1612 | D:2      | Reached XP level 4. HP: 20/37 MP: 6/6
  2179 | D:3      | Paralysed by a hobgoblin for 3 turns
  2274 | D:3      | Found a glowing golden altar of the Shining One.
  2274 | D:3      | Found an iron altar of Okawaru.
  2429 | D:2      | Reached skill level 4 in Translocations
  2597 | D:2      | Reached XP level 5. HP: 21/42 MP: 7/7
  2682 | D:3      | HP: 2/42 [poisoned by an orc]
  2682 | D:3      | Mangled by an orc

Illustrated notes

Levels and vault maps discovered:
D:1:      eino_arrival_druids_welcome, layout_loops_corners, serial_bayou_lake_a
D:2:      layout_basic, serial_shops, nicolae_shop_pleasant_corner_grove, shop,
          shop_fountains, shop, shop
D:3:      layout_loops_ring, lemuel_doored_altar,
          gammafunk_temple_overflow_pools

Skill      XL: |  1  2  3  4 |
---------------+-------------+-----
Fighting       | 2 |  2.6
Armour         | 2 |  2.8
Axes           | 2 |  2.3
Translocations | 4 |  4.2
Throwing       | |  0.8
Dodging        | |  1.3
Spellcasting   | |  1.7

Action                     |  1- 3 |  4- 6 || total
---------------------------+-------+-------++-------
  Melee: Hand axe          |    94 |       ||    94
         Tailslap          |    11 |     8 ||    19
         War axe           |    12 |    54 ||    66
   Cast: Blink             |       |     1 ||     1
    Use: Scroll            |     6 |     4 ||    10
   Stab: Distracted        |     1 |       ||     1
 Armour: Leather armour    |    73 |    45 ||   118
  Dodge: Dodged            |    46 |    22 ||    68

Table legend: (Time is in decaauts)
 A = Elapsed time spent in this place.
 B = Non-inter-level travel time spent in this place.
 C = Inter-level travel time spent in this place.
 D = Time resting spent in this place.
 E = Time spent auto-exploring this place.
 F = Levels seen in this place.
 G = Mean time per level.
                   A        B        C        D        E       F      G
               +--------+--------+--------+--------+--------+-----+--------+
         Total |   2730 |   2577 |    153 |    352 |   1698 |   3 |  910.0 |
       Dungeon |   2730 |   2577 |    153 |    352 |   1698 |   3 |  910.0 |
               +--------+--------+--------+--------+--------+-----+--------+

Top non-repeatable levels by time:
     D:2: 1274 daAuts
     D:1: 1101 daAuts
     D:3: 354 daAuts
